[Event "Team 45 45 League T43"]
[Site "Internet Chess Club"]
[Date "2009.11.17"]
[Round "3"]
[White "upsan"]
[Black "MisticKnights"]
[Result "1/2-1/2"]
[WhiteElo "1746"]
[BlackElo "1916"]
[Opening "Petrov: classical attack"]
[ECO "C42"]
[Time "09:52:15"]
[TimeControl "2700+45"]

1. e4 e5 2. Nf3 Nf6 3. Nxe5 d6 4. Nf3 Nxe4 5. d4 d5 6. Bd3 Bf5 7. O-O Be7 8. Bf4
O-O 9. c4 dxc4 10. Bxc4 Nd7 11. Nc3 Re8 12. Bd3 Bf6 13. Qc2 Nxc3 14. bxc3 Bxd3
15. Qxd3 Ne5 16. Bxe5 Bxe5 17. Qb5 Bf6 18. Qxb7 Qd6 19. Qb2 Rab8 20. Qc2 c5 21.
Rfe1 Rec8 22. Qe4 cxd4 23. cxd4 Rb4 24. Rac1 Rxc1 25. Rxc1 g6 26. g3 Bxd4 27.
Nxd4 Qxd4 28. Qxd4 Rxd4 29. Rc2 Ra4 30. Kf1 Kg7 31. Ke2 Kf6 32. Kd3 Ra6 33. Kd4
Kf5 34. Rc7 f6 35. Rxh7 Rxa2 36. f4 a5 37. Kc3 a4 38. Kb4 a3 39. Kb3 Ra1 40. Rh6
g5 41. fxg5 fxg5 42. h4 g4 43. Rc6 Rf1 44. Kxa3 Rf3+ 45. Kb4 Rxg3 46. Rc5+ Kf4
47. Rc4+ Kf5 48. Rc5+ Kg6 49. Rg5+ Kf6 50. Kc4 Ra3 51. Kd4 g3 52. Ke4 Ra4+ 53.
Kf3 {Game drawn by mutual agreement} 1/2-1/2

[Event "Team 45 45 League T43"]
[Site "Internet Chess Club"]
[Date "2009.11.15"]
[Round "3"]
[White "fledermaus"]
[Black "SlimeDog2"]
[Result "0-1"]
[WhiteElo "2029"]
[BlackElo "2198"]
[Opening "Grünfeld: exchange variation"]
[ECO "D85"]
[Time "18:02:05"]
[TimeControl "2700+45"]

1. d4 Nf6 2. c4 g6 3. Nc3 d5 4. cxd5 Nxd5 5. Bd2 Nb6 6. Bg5 Bg7 7. e3 O-O 8. Be2
h6 9. Bh4 Nc6 10. Rc1 g5 11. Bg3 e5 12. d5 Ne7 13. e4 f5 14. exf5 Nexd5 15. Nxd5
Nxd5 16. h4 c6 17. hxg5 Qa5+ 18. Qd2 Qxd2+ 19. Kxd2 hxg5 20. Nf3 e4 21. Nxg5
Bxf5 22. Bc4 Bxb2 23. Bxd5+ cxd5 24. Rc5 Rad8 25. Bf4 Rd7 26. g3 Re8 27. Rb5 Bf6
28. Rc1 Kg7 29. Rcc5 Kg6 30. g4 Bxg4 31. Rxd5 Red8 32. Nxe4 Rxd5+ {White
resigns} 0-1

[Event "Team 45 45 League T43"]
[Site "Internet Chess Club"]
[Date "2009.11.13"]
[Round "3"]
[White "Chessduke"]
[Black "jonesey"]
[Result "0-1"]
[WhiteElo "2157"]
[BlackElo "2022"]
[Opening "Alekhine's defense: modern, fianchetto variation"]
[ECO "B04"]
[Time "13:24:11"]
[TimeControl "2700+45"]

1. e4 Nf6 2. e5 Nd5 3. d4 d6 4. Nf3 g6 5. Bc4 Nb6 6. Bb3 Bg7 7. O-O O-O 8. exd6
cxd6 9. h3 Nc6 10. c3 Bd7 11. Re1 Re8 12. Bg5 Na5 13. Bc2 Nd5 14. Nbd2 Rc8 15.
Bd3 b5 16. Qe2 h6 17. Be3 Nxe3 18. fxe3 Qb6 19. Qf2 e5 20. a3 f5 21. Nh4 e4 22.
Bc2 d5 23. Nb3 Nb7 24. g3 Rf8 25. Ng2 g5 26. h4 Qg6 27. Kh2 Rf7 28. Bd1 Bf8 29.
Rg1 Bd6 30. Nf4 Qh7 31. Nxd5 Be6 32. Nb4 gxh4 33. d5 Rg7 34. Kh1 hxg3 35. Qg2
Bd7 36. Bh5 Kh8 37. Qe2 Rcg8 38. Kg2 f4 39. exf4 Bg4 40. Bxg4 Rxg4 41. Raf1 Rh4
42. Rh1 Rh2+ 43. Rxh2 gxh2+ 44. Kxh2 Qf5 45. Qe3 Qh5+ 46. Qh3 Qg5 47. Kh1 Bxf4
48. Nd4 Nc5 49. Ne2 Be3 50. Nc2 Bd2 51. Rf5 Qg6 52. Ncd4 Nd3 53. Nb3 Bf4 54.
Rxf4 Nxf4 55. Qf1 Qh5+ {White resigns} 0-1

[Event "Team 45 45 League T43"]
[Site "Internet Chess Club"]
[Date "2009.11.13"]
[Round "3"]
[White "smitty120"]
[Black "hondocando"]
[Result "0-1"]
[WhiteElo "1912"]
[BlackElo "1924"]
[Opening "Caro-Kann: two knights variation"]
[ECO "B10"]
[Time "20:00:21"]
[TimeControl "2700+45"]

1. e4 c6 2. Nf3 d5 3. Nc3 dxe4 4. Nxe4 Nf6 5. Ng3 Bg4 6. h3 Bxf3 7. Qxf3 e6 8.
c3 Nbd7 9. d4 Qb6 10. Bd3 c5 11. O-O cxd4 12. cxd4 Bd6 13. Be3 O-O 14. Ne4 Nd5
15. Nxd6 Qxd6 16. Bg5 Qb6 17. Qe4 N7f6 18. Qe5 h6 19. Bxf6 Nxf6 20. b3 Rad8 21.
Rad1 Rd5 22. Qe3 Rfd8 23. Bc4 Rxd4 24. Rde1 Ne4 25. Re2 Nd2 26. Rc1 Nxc4 27.
bxc4 Rd1+ 28. Rxd1 Rxd1+ 29. Kh2 Qc7+ 30. g3 Qxc4 31. Qe5 b5 32. Re3 Qf1 {White
resigns} 0-1

[Event "Team 45 45 League T43"]
[Site "Internet Chess Club"]
[Date "2009.11.12"]
[Round "3"]
[White "chess2k7"]
[Black "fishhead"]
[Result "1-0"]
[WhiteElo "1905"]
[BlackElo "1995"]
[Opening "King's Indian: 5.Nf3"]
[ECO "E90"]
[Time "17:00:17"]
[TimeControl "2700+45"]

1. d4 Nf6 2. Nf3 g6 3. c4 Bg7 4. Nc3 d6 5. e4 Nbd7 6. Be2 c6 7. O-O e5 8. d5 Nc5
9. Qc2 a5 10. Be3 Ng4 11. Bxc5 dxc5 12. Rad1 Qe7 13. h3 Nf6 14. d6 Qe6 15. Ng5
Qd7 16. f4 O-O 17. fxe5 Nh5 18. Rxf7 Rxf7 19. e6 Qd8 20. exf7+ Kh8 21. Qc1 Bd4+
22. Rxd4 cxd4 23. Bxh5 gxh5 24. Qf4 Kg7 25. Ne2 h6 26. Qe5+ {Black resigns} 1-0

[Event "Team 45 45 League T43"]
[Site "Internet Chess Club"]
[Date "2009.11.13"]
[Round "3"]
[White "OOB1"]
[Black "rookmaster23"]
[Result "1/2-1/2"]
[WhiteElo "1584"]
[BlackElo "1374"]
[Opening "Sicilian: Najdorf, Adams attack"]
[ECO "B90"]
[Time "21:04:51"]
[TimeControl "2700+45"]

1. e4 c5 2. Nf3 d6 3. d4 cxd4 4. Nxd4 Nf6 5. Nc3 a6 6. h3 e5 7. Nf3 Be7 8. Bd3
Nc6 9. a3 O-O 10. Be3 b5 11. O-O Bb7 12. Nh2 Qd7 13. Nd5 Nxd5 14. exd5 Nd8 15.
Ng4 f5 16. Nh2 e4 17. Be2 Bf6 18. c3 Qf7 19. c4 bxc4 20. Bxc4 Bxb2 21. Rb1 Bf6
22. f3 Rc8 23. Bb3 exf3 24. Nxf3 Re8 25. Bg5 Bxg5 26. Nxg5 Qe7 27. Ne6 Nxe6 28.
dxe6 Qg5 29. Rf2 Rc3 30. Qxd6 h6 31. Qb4 Rc7 32. Qd6 Rc1+ 33. Rxc1 Qxc1+ 34. Kh2
Qe3 35. Rb2 Qc3 36. Rb1 Be4 37. Qd7 Ra8 38. e7+ Kh7 39. Rd1 Qxb3 40. Qd8 Qe6 41.
Rd6 Qe5+ 42. Kg1 Qa1+ 43. Rd1 Qa2 44. Rd2 Qa1+ 45. Kh2 Qe5+ 46. Kh1 Qa1+ 47. Rd1
Qb2 48. Rd2 Qa1+ 49. Kh2 Qe5+ 50. Kg1 Qc5+ 51. Kh1 Qc1+ 52. Kh2 Qxa3 53. e8=Q
Rxd8 54. Qxd8 f4 55. Qd4 Qg3+ 56. Kh1 Qe1+ 57. Kh2 Qg3+ 58. Kg1 Qe1+ 59. Kh2
Qg3+ {Game drawn by repetition} 1/2-1/2

[Event "Team 45 45 League T43"]
[Site "Internet Chess Club"]
[Date "2009.11.13"]
[Round "3"]
[White "LeanSixSigma"]
[Black "rd00d"]
[Result "1-0"]
[WhiteElo "1393"]
[BlackElo "1461"]
[Opening "French: Winawer, advance variation"]
[ECO "C17"]
[Time "22:00:21"]
[TimeControl "2700+45"]

1. e4 e6 2. d4 d5 3. Nc3 Bb4 4. e5 c5 5. Bb5+ Bd7 6. Bxd7+ Qxd7 7. Be3 Nc6 8.
Ne2 Nge7 9. O-O cxd4 10. Bxd4 Nf5 11. a3 Nfxd4 12. Nxd4 Bxc3 13. bxc3 Nxe5 14.
Qe2 Nc4 15. Rfe1 O-O 16. Qg4 Rac8 17. h4 Nd2 18. Nf3 Ne4 19. Rad1 Rxc3 20. Rxe4
Rxc2 21. Red4 Qd6 22. Ne1 f5 23. Qg3 Qxg3 24. fxg3 Rc3 25. R4d3 Rxd3 26. Rxd3
Rc8 27. Nf3 Kf7 28. Ng5+ Ke7 29. Nxh7 Kd6 30. Ng5 Rf8 31. Re3 e5 32. Nf3 e4 33.
Nd4 a6 34. Kh2 Ke5 35. Ne2 d4 36. Rb3 Rf7 37. Nf4 e3 38. Nd3+ Kd5 39. Kh3 Kc4
40. Nc1 Rd7 41. Rb4+ Kc3 42. Ne2+ Kd3 43. Rb2 Rc7 44. g4 Rc2 45. Rxc2 Kxc2 46.
Nxd4+ Kd3 47. Nf3 f4 48. g5 b5 49. Kg4 a5 50. Kxf4 e2 51. h5 b4 52. axb4 axb4
53. h6 b3 54. h7 b2 55. h8=Q b1=Q 56. Qh7+ {Black resigns} 1-0

[Event "Team 45 45 League T43"]
[Site "Internet Chess Club"]
[Date "2009.11.14"]
[Round "3"]
[White "Jugurtha"]
[Black "BosqueVerde"]
[Result "1-0"]
[WhiteElo "1507"]
[BlackElo "1183"]
[Opening "QGD semi-Slav: 5.e3"]
[ECO "D45"]
[Time "13:00:38"]
[TimeControl "2700+45"]

1. d4 d5 2. c4 c6 3. Nf3 Nf6 4. Nc3 e6 5. e3 Bb4 6. a3 Ba5 7. b4 Bc7 8. Be2 dxc4
9. Bxc4 b5 10. Bd3 Nbd7 11. e4 O-O 12. e5 Nd5 13. Nxd5 cxd5 14. Bg5 f6 15. exf6
Nxf6 16. Bxb5 a6 17. Qa4 Bb7 18. Bc6 Bxc6 19. Qxc6 Rc8 20. Qxe6+ Kh8 21. Qxa6
Qe8+ 22. Qe2 Bb6 23. Qxe8 Rfxe8+ 24. Be3 Ng4 25. O-O Nxe3 26. fxe3 Rxe3 27. Kf2
Re4 28. Rad1 Rc3 29. a4 Rc4 30. a5 Bxd4+ 31. Rxd4 Rxb4 32. Rxb4 Rxb4 33. Ra1 Kg8
34. a6 Kf7 35. a7 Rb2+ 36. Kg3 h5 37. h4 Kf6 38. a8=Q {Black resigns} 1-0

[Event "Team 45 45 League T43"]
[Site "Internet Chess Club"]
[Date "2009.11.16"]
[Round "3"]
[White "WzeroMN"]
[Black "Conjurer"]
[Result "0-1"]
[WhiteElo "1199"]
[BlackElo "1468"]
[Opening "Sicilian: Najdorf, Opocensky variation"]
[ECO "B92"]
[Time "11:06:15"]
[TimeControl "2700+45"]

1. e4 c5 2. Nf3 d6 3. d4 cxd4 4. Nxd4 Nf6 5. Nc3 a6 6. Be2 e5 7. Nf3 Be6 8. Bg5
Be7 9. Bxf6 Bxf6 10. Nd5 Qa5+ 11. c3 Nd7 12. Nxf6+ Nxf6 13. Bd3 O-O 14. O-O b5
15. b4 Qc7 16. Qd2 Rac8 17. Rfc1 Rfd8 18. a3 Qb7 19. Qe1 Rc6 20. Bb1 Rdc8 21.
Ba2 Bc4 22. Bxc4 Rxc4 23. Nd2 Rxc3 24. Rxc3 Rxc3 25. Rc1 Qc6 26. Rxc3 Qxc3 27.
Qe3 Qc1+ 28. Nf1 Qxe3 29. Nxe3 Nxe4 30. Nd5 f5 31. Nc7 Nc3 32. Nxa6 Kf7 33. Kf1
d5 34. Ke1 d4 35. Kd2 Ke6 36. Nc5+ Kd5 37. f3 Nb1+ {White resigns} 0-1

[Event "Team 45 45 League T43"]
[Site "Internet Chess Club"]
[Date "2009.11.12"]
[Round "3"]
[White "medsurg"]
[Black "thefranman"]
[Result "0-1"]
[WhiteElo "1419"]
[BlackElo "1501"]
[Opening "Sicilian: closed"]
[ECO "B23"]
[Time "18:00:22"]
[TimeControl "2700+45"]

1. e4 c5 2. Nc3 d6 3. g3 Nc6 4. Bg2 Nf6 5. h3 e6 6. f4 Be7 7. d3 O-O 8. Nge2 a6
9. O-O Qc7 10. g4 b5 11. a3 Bb7 12. Ng3 Rac8 13. f5 Ne5 14. Nce2 Qd7 15. g5 Ne8
16. Nh5 exf5 17. exf5 Bxg2 18. Kxg2 Qb7+ 19. Kg3 Kh8 20. f6 gxf6 21. Nxf6 Nxf6
22. Nf4 Rg8 23. h4 Nfd7 24. Nh3 Rcf8 25. Kh2 f6 26. Qh5 fxg5 27. Rxf8 Nxf8 28.
Bxg5 Nf3+ 29. Kg3 Nxg5 30. hxg5 Qd5 31. Rf1 Qe5+ 32. Kg2 Ne6 33. Rf7 Nxg5 34.
Rxe7 Qxe7 35. Nf4 Ne6+ {White resigns} 0-1

[Event "Team 45 45 League T43"]
[Site "Internet Chess Club"]
[Date "2009.11.17"]
[Round "3"]
[White "scottrugby"]
[Black "milesotoole"]
[Result "0-1"]
[WhiteElo "1436"]
[BlackElo "1344"]
[Opening "Caro-Kann: exchange variation"]
[ECO "B13"]
[Time "22:01:02"]
[TimeControl "2700+45"]

1. e4 c6 2. d4 d5 3. exd5 cxd5 4. Bd3 g6 5. c3 Bf5 6. Bxf5 gxf5 7. Nf3 e6 8. Qb3
Qc7 9. O-O Nf6 10. Bf4 Qb6 11. Be5 Nbd7 12. Nbd2 Nxe5 13. Nxe5 Bd6 14. Qa4+ Ke7
15. Ndf3 Bxe5 16. Nxe5 Rad8 17. Rab1 Ng4 18. Qa3+ Kf6 19. Nd7+ Rxd7 20. h3 Nh6
21. b4 Qa6 22. Qc1 Ng8 23. h4 h6 24. Qe3 Ke7 25. a4 Qc6 26. Qg3 Nf6 27. Qg7 Rdd8
28. Qg3 Ne4 29. Qe3 Qxc3 30. Qxc3 Nxc3 31. a5 Rhg8 32. Rfe1 Nxb1 {White resigns}
0-1

[Event "Team 45 45 League T43"]
[Site "Internet Chess Club"]
[Date "2009.11.15"]
[Round "3"]
[White "fuzzface"]
[Black "Just-Jim"]
[Result "0-1"]
[WhiteElo "1377"]
[BlackElo "1500"]
[Opening "Petrov's defense"]
[ECO "C42"]
[Time "15:00:12"]
[TimeControl "2700+45"]

1. e4 e5 2. Nf3 Nf6 3. d3 Nc6 4. Bg5 Be7 5. Nc3 h6 6. Bh4 d6 7. a3 O-O 8. Be2
Nh7 9. Bxe7 Nxe7 10. O-O f5 11. d4 fxe4 12. Nxe4 Bf5 13. Bd3 Bg4 14. h3 Bxf3 15.
gxf3 Nf5 16. c3 Ng5 17. Nxg5 Qxg5+ 18. Kh2 Nh4 19. Rg1 Qf6 20. Be4 Nxf3+ 21.
Bxf3 Qxf3 22. Qxf3 Rxf3 23. dxe5 Rxf2+ 24. Kh1 dxe5 25. Rg2 Rxg2 26. Kxg2 Rd8
27. Rb1 Kf7 28. Kg3 e4 29. h4 Kf6 30. Rf1+ Kg6 31. Rg1 Kf5 32. Rf1+ Ke5 33. Kg4
e3 34. Re1 Ke4 35. Kh5 Rd2 36. b3 e2 37. Kg6 Kd3 38. Kxg7 Rd1 39. Rxe2 Kxe2 40.
Kxh6 Kd3 41. c4 Kc3 42. c5 Kxb3 43. h5 Rh1 44. Kg6 Rxh5 45. Kxh5 Kxa3 46. Kg5
Kb4 {White resigns} 0-1

[Event "Team 45 45 League T43"]
[Site "Internet Chess Club"]
[Date "2009.11.15"]
[Round "3"]
[White "hcarstens"]
[Black "MateIn42"]
[Result "0-1"]
[WhiteElo "1205"]
[BlackElo "1401"]
[Opening "Petrov's defense"]
[ECO "C42"]
[Time "14:00:23"]
[TimeControl "2700+45"]

1. e4 e5 2. Nf3 Nf6 3. Nxe5 d6 4. Nf3 Nxe4 5. Bc4 d5 6. Bb3 Bg4 7. O-O Bc5 8.
Qe2 Nc6 9. c3 O-O 10. d4 Bb6 11. Bf4 Re8 12. Qd3 Na5 13. Nbd2 Nxb3 14. Nxb3 Qd7
15. Ne5 Qf5 16. Bg3 f6 17. Nxg4 Nxg3 18. Qxg3 Re2 19. Ne3 Qe4 20. f3 Qxe3+ 21.
Kh1 Re8 22. Rg1 Qf2 23. Qxf2 Rxf2 24. Nc5 Bxc5 25. dxc5 Ree2 26. Rae1 Rxb2 27.
Re7 c6 28. a4 Rfe2 29. Rc7 Kf8 30. Rc8+ Kf7 31. Rc7+ Re7 32. Rc8 Ra2 33. h3 Rxa4
34. Kh2 Rc4 35. h4 Rxc3 36. h5 h6 37. Rb1 Rxc5 38. Ra8 b6 39. g4 d4 40. Rd1 Rd5
41. Rd3 c5 42. Rc8 b5 43. Rc6 c4 44. Ra3 d3 45. Ra2 d2 46. g5 fxg5 {White
resigns} 0-1

[Event "Team 45 45 League T43"]
[Site "Internet Chess Club"]
[Date "2009.11.16"]
[Round "3"]
[White "Matthew1814"]
[Black "SleepyEyes"]
[Result "1/2-1/2"]
[WhiteElo "1856"]
[BlackElo "1739"]
[Opening "Scandinavian (center counter) defense"]
[ECO "B01"]
[Time "12:44:47"]
[TimeControl "2700+45"]

1. e4 d5 2. exd5 Qxd5 3. Nc3 Qa5 4. d4 c6 5. Bd2 Qc7 6. Nf3 Nf6 7. Bc4 Bg4 8. h3
Bh5 9. O-O Nbd7 10. Re1 e6 11. Be2 Bd6 12. Nh4 Bxe2 13. Qxe2 O-O 14. Ne4 Nxe4
15. Qxe4 Nf6 16. Qd3 Rad8 17. c3 e5 18. Nf5 exd4 19. Nxd6 Qxd6 20. cxd4 Qxd4 21.
Qxd4 Rxd4 22. Be3 Rb4 23. Bc5 Rxb2 24. Bxf8 Kxf8 25. Reb1 Rxb1+ 26. Rxb1 b6 27.
Kf1 Ke7 28. Ke2 Kd6 29. Rd1+ Nd5 30. Kd3 f5 31. g4 f4 32. Ke4 Ke6 33. Kf3 Ke5
34. Re1+ Kd4 35. Re8 c5 36. Rg8 c4 37. Ke2 Kc3 38. Rxg7 Kb2 39. Rd7 Nc3+ 40. Kf3
Nxa2 41. Rxh7 c3 42. Rc7 Nb4 43. g5 Nd5 44. Rc8 b5 45. g6 Ne7 46. g7 c2 47.
Rxc2+ Kxc2 48. Kxf4 b4 49. Ke5 b3 50. Ke6 Ng8 51. Kf7 Nh6+ 52. Kg6 Ng8 53. Kh7
Nf6+ 54. Kg6 Ng8 55. f4 b2 56. Kf7 Nh6+ 57. Kg6 b1=Q 58. Kxh6 Qh1 59. g8=Q Qxh3+
60. Kg7 Qg3+ 61. Kh8 Qxf4 62. Qa2+ Kd1 63. Qxa7 Qh4+ 64. Kg7 Qg5+ 65. Kf8 Qf6+
66. Kg8 Qg6+ 67. Kh8 Qh6+ {Game drawn by mutual agreement} 1/2-1/2

[Event "Team 45 45 League T43"]
[Site "Internet Chess Club"]
[Date "2009.11.13"]
[Round "3"]
[White "AntMantis"]
[Black "kidviper"]
[Result "0-1"]
[WhiteElo "1683"]
[BlackElo "1877"]
[Opening "QGD Slav defense"]
[ECO "D10"]
[Time "13:00:25"]
[TimeControl "2700+45"]

1. d4 d5 2. c4 c6 3. Nc3 Nf6 4. Bf4 e6 5. a3 Be7 6. e3 dxc4 7. Bxc4 Nbd7 8. Nf3
O-O 9. O-O b5 10. Bd3 a6 11. Qc2 c5 12. dxc5 Nxc5 13. Rad1 Nxd3 14. Rxd3 Qb6 15.
Qd2 Bb7 16. Bd6 Bxd6 17. Rxd6 Qc7 18. Rd3 Ng4 19. e4 Nf6 20. Re1 Rfd8 21. Nd4
Ng4 22. g3 Ne5 23. Qf4 Rac8 24. Rdd1 Ng6 25. Qg5 h6 26. Qg4 Qb6 27. e5 h5 28.
Qxh5 Rxd4 29. Qe2 {White resigns} 0-1

[Event "Team 45 45 League T43"]
[Site "Internet Chess Club"]
[Date "2009.11.13"]
[Round "3"]
[White "kidcobra"]
[Black "KoalieAwe"]
[Result "0-1"]
[WhiteElo "1600"]
[BlackElo "1442"]
[Opening "Scandinavian (center counter) defense"]
[ECO "B01"]
[Time "13:00:38"]
[TimeControl "2700+45"]

1. e4 d5 2. exd5 Qxd5 3. Nc3 Qa5 4. d4 Nf6 5. Bd2 c6 6. Nf3 Bf5 7. Ne4 Qc7 8.
Nxf6+ gxf6 9. Bc4 e6 10. O-O Bg7 11. Re1 O-O 12. h3 Nd7 13. Bb3 e5 14. Qc1 Bg6
15. Bh6 Bxh6 16. Qxh6 Rfe8 17. Nh4 Kh8 18. Nxg6+ fxg6 19. Bf7 Re7 20. Bxg6 Rg7
21. Bf5 exd4 22. Rad1 Rag8 23. Be4 Nc5 24. Bf3 Rg6 25. Qd2 Qg7 26. g3 Rd8 27.
Qa5 Rg8 28. Qd2 Rd8 29. Kg2 h6 30. Bh5 Rg5 31. Re8+ Rxe8 32. Bxe8 Rd5 33. Qf4
Ne6 34. Qg4 Qxg4 35. hxg4 Kg7 36. Re1 Re5 37. Rxe5 fxe5 38. Bd7 Nc5 39. Be6 Nxe6
40. Kf3 Ng5+ 41. Ke2 Kf6 42. Kd3 c5 43. Ke2 e4 44. c3 d3+ 45. Kd2 Nf3+ 46. Kd1
Kg5 47. b4 c4 48. b5 Kxg4 49. b6 axb6 50. a4 Kh3 51. g4 Kg2 52. a5 bxa5 53. g5
hxg5 54. Kc1 a4 55. Kb1 d2 56. Kc2 a3 57. Kd1 a2 58. Kc2 d1=Q+ 59. Kxd1 a1=Q+
60. Kc2 Ne1+ 61. Kd2 Nd3 62. Ke3 Qxc3 63. Kxe4 Qe5# {White checkmated} 0-1

[Event "Team 45 45 League T43"]
[Site "Internet Chess Club"]
[Date "2009.11.13"]
[Round "3"]
[White "wrimle"]
[Black "MateIn42"]
[Result "1-0"]
[WhiteElo "1542"]
[BlackElo "1374"]
[Opening "Vienna gambit"]
[ECO "C29"]
[Time "17:00:18"]
[TimeControl "2700+45"]

1. e4 e5 2. Nc3 Nf6 3. f4 d5 4. fxe5 Nxe4 5. d3 Qh4+ 6. g3 Nxg3 7. Nf3 Bg4 8.
Nxh4 Bxd1 9. hxg3 Bxc2 10. Nxd5 Na6 11. b3 O-O-O 12. Rh2 Bxd3 13. Bxd3 Rxd5 14.
Bf5+ Kb8 15. Bf4 Bb4+ 16. Kf1 Bc3 17. Rc1 Bxe5 18. Bxe5 Rxe5 19. Re2 Rhe8 20.
Rce1 Rxe2 21. Rxe2 Rxe2 22. Kxe2 Nb4 23. a3 Nc2 24. Bxc2 g5 25. Nf5 h5 26. Ke3
c5 27. Ke4 f6 28. Kd5 b6 29. Ke6 b5 30. Kxf6 h4 31. Nxh4 gxh4 32. gxh4 a5 33. h5
c4 34. h6 cxb3 35. Bxb3 a4 36. Ba2 {Black resigns} 1-0

[Event "Team 45 45 League T43"]
[Site "Internet Chess Club"]
[Date "2009.11.17"]
[Round "3"]
[White "rayngrant"]
[Black "Kallistos"]
[Result "0-1"]
[WhiteElo "1561"]
[BlackElo "1643"]
[Opening "Giuoco Piano"]
[ECO "C54"]
[Time "23:03:09"]
[TimeControl "2700+45"]

1. e4 e5 2. Nf3 Nc6 3. Bc4 Bc5 4. c3 Nf6 5. d4 exd4 6. cxd4 Bb4+ 7. Bd2 Nxe4 8.
Bxb4 Nxb4 9. Bxf7+ Kxf7 10. Qb3+ d5 11. Qxb4 Re8 12. Ne5+ Kg8 13. O-O a5 14. Qb3
c5 15. f3 cxd4 16. fxe4 Rxe5 17. exd5 Qxd5 18. Qa3 Bd7 19. Nd2 Re3 20. b3 Re2
21. Nf3 d3 22. Rad1 Bg4 23. Qa4 Bxf3 24. Rxf3 Rae8 25. Rfxd3 Qxg2# {White
checkmated} 0-1

[Event "Team 45 45 League T43"]
[Site "Internet Chess Club"]
[Date "2009.11.14"]
[Round "3"]
[White "jacknor"]
[Black "quotha"]
[Result "0-1"]
[WhiteElo "1582"]
[BlackElo "1669"]
[Opening "Philidor: exchange variation"]
[ECO "C41"]
[Time "09:00:21"]
[TimeControl "2700+45"]

1. e4 e5 2. Nf3 d6 3. d4 exd4 4. Nxd4 Be7 5. Bc4 Nf6 6. Nc3 O-O 7. O-O a6 8. Nf5
Be6 9. Nxe7+ Qxe7 10. Nd5 Nxd5 11. exd5 Bf5 12. Re1 Qf6 13. Re3 Nd7 14. Bd3 Ne5
15. Bxf5 Qxf5 16. Rg3 Rae8 17. b3 f6 18. Be3 Ng6 19. Qd2 Re5 20. c4 Rfe8 21. Rd1
Qd7 22. Kf1 Qe7 23. Qc3 f5 24. Bd2 Re2 25. Re3 Rxe3 26. Qxe3 Qf7 27. Qc3 Ne5 28.
Re1 f4 29. Re4 Qf5 30. f3 Rf8 31. g4 Nxg4 32. Rxf4 Qb1+ 33. Kg2 Rxf4 34. Bxf4
Qxa2+ 35. Bd2 Ne5 36. Qe3 Qc2 37. f4 Qg6+ 38. Qg3 Qxg3+ 39. hxg3 Nd3 40. Kf3 Kf7
41. Ke3 Nc5 42. b4 Nd7 43. g4 g6 44. g5 Nb6 45. Kd4 Ke7 46. b5 axb5 47. cxb5 Kd7
48. Bc3 Nc8 49. Ke4 Ne7 50. Bd2 c6 51. bxc6+ bxc6 52. dxc6+ Kxc6 53. Bc3 Kc5 54.
Bd2 Nf5 55. Kd3 d5 56. Bc3 Ng3 57. Be5 Nf5 58. Bc3 Kd6 59. Bb4+ Ke6 60. Bc3 Nd6
61. Be5 Nf7 62. Bc3 Kf5 63. Bd2 Nd6 64. Kd4 Ne4 65. Bc1 Ng3 66. Kxd5 Ne2 67. Bd2
Nxf4+ 68. Kd4 Ne6+ {White resigns} 0-1

[Event "Team 45 45 League T43"]
[Site "Internet Chess Club"]
[Date "2009.11.14"]
[Round "3"]
[White "scottrugby"]
[Black "werty"]
[Result "1/2-1/2"]
[WhiteElo "1446"]
[BlackElo "1499"]
[Opening "French: Rubinstein variation"]
[ECO "C10"]
[Time "15:03:09"]
[TimeControl "2700+45"]

1. e4 e6 2. d4 d5 3. Nc3 dxe4 4. Nxe4 Nd7 5. Nf3 Ngf6 6. Bd3 Be7 7. Nxf6+ Nxf6
8. Qe2 c5 9. dxc5 Bxc5 10. Bd2 O-O 11. O-O-O Qb6 12. Be3 Bxe3+ 13. fxe3 a5 14.
h3 a4 15. a3 Bd7 16. e4 Bc6 17. g4 Qc5 18. Rhf1 b5 19. e5 Nd7 20. Be4 Bxe4 21.
Qxe4 Nb6 22. Rd4 Rad8 23. Rfd1 Rxd4 24. Rxd4 Nd5 25. Kb1 Rc8 26. h4 Ne3 27. Qxe3
Qxc2+ 28. Ka1 b4 29. Rxb4 Qd1+ 30. Ka2 Qd5+ 31. Kb1 Qd1+ 32. Ka2 Qd5+ {Game
drawn by mutual agreement} 1/2-1/2

[Event "Team 45 45 League T43"]
[Site "Internet Chess Club"]
[Date "2009.11.12"]
[Round "3"]
[White "Despair"]
[Black "avila"]
[Result "1/2-1/2"]
[WhiteElo "1942"]
[BlackElo "1806"]
[Opening "Benko's opening"]
[ECO "A00"]
[Time "17:30:35"]
[TimeControl "2700+45"]

1. g3 d5 2. Bg2 Nf6 3. b3 Bf5 4. d3 e6 5. Nf3 c5 6. Bb2 Nc6 7. Nbd2 Be7 8. e4
dxe4 9. dxe4 Bg4 10. O-O O-O 11. Qe1 Bxf3 12. Nxf3 Qc7 13. e5 Nd7 14. a3 Rfd8
15. Qe4 Rac8 16. Rfd1 Nf8 17. Bf1 Rxd1 18. Rxd1 Rd8 19. Rxd8 Qxd8 20. Bd3 Ng6
21. c4 Qc7 22. h4 Qb8 23. h5 Nf8 24. h6 g6 25. Qg4 Qd8 26. Bc2 a6 27. Kg2 Nd7
28. Bc3 Nf8 29. Qe4 Nd7 30. Qf4 Nf8 31. Be4 Na5 32. Bxa5 Qxa5 33. Ng5 Bxg5 34.
Qxg5 Nd7 35. Bxb7 Qc7 36. Bf3 Qxe5 37. Qd8+ Nf8 38. Bb7 Qh5 39. Bxa6 Qxh6 40.
Qd6 Qg5 41. Bb7 h5 42. Bf3 h4 43. g4 Nh7 44. b4 cxb4 45. axb4 Qc1 46. c5 Ng5 47.
Qb8+ Kh7 48. Be2 h3+ 49. Kh2 Qe1 50. Qf4 Qxe2 51. Qxg5 Qxf2+ 52. Kxh3 Qf3+ 53.
Kh2 Qf2+ 54. Kh3 Qf3+ 55. Kh2 Qf2+ 56. Kh3 Qf3+ 57. Kh2 Qf2+ {Game drawn by
repetition} 1/2-1/2

[Event "Team 45 45 League T43"]
[Site "Internet Chess Club"]
[Date "2009.11.14"]
[Round "3"]
[White "vkpanch"]
[Black "fishhead"]
[Result "0-1"]
[WhiteElo "1699"]
[BlackElo "1984"]
[Opening "Alekhine's defense: Scandinavian variation"]
[ECO "B02"]
[Time "17:00:14"]
[TimeControl "2700+45"]

1. e4 Nf6 2. Nc3 d5 3. exd5 Nxd5 4. Nf3 g6 5. Bc4 Nxc3 6. bxc3 c5 7. d4 Bg7 8.
Be3 O-O 9. O-O Qc7 10. Bd3 Nc6 11. d5 Na5 12. Qd2 e6 13. Bf4 e5 14. Bh6 c4 15.
Bxg7 Kxg7 16. Be2 Qd6 17. Rfd1 Rd8 18. Qe3 f6 19. Rab1 b6 20. h3 Bb7 21. Rb5 Ba6
22. Rb4 Rac8 23. Nh2 h5 24. Nf3 Rc5 25. Qe4 Rxd5 26. Rxd5 Qxd5 27. Qxd5 Rxd5 28.
Kf1 g5 29. Ke1 Kg6 30. Nd2 Rc5 31. Kd1 f5 32. Kc1 Bb7 33. g3 Bd5 34. a4 e4 35.
Kb2 f4 36. g4 h4 37. Rb5 Rxb5+ 38. axb5 Kf6 39. f3 e3 40. Nb1 Ke5 41. Ka3 Nb7
42. Kb4 Nd6 43. Na3 Ke6 44. Nb1 Nf7 45. Na3 Ne5 46. Bf1 Nxf3 47. Nxc4 Nd2 48.
Nxd2 exd2 49. Be2 f3 50. c4 fxe2 51. cxd5+ Kxd5 52. Kc3 d1=Q {White resigns} 0-1

[Event "Team 45 45 League T43"]
[Site "Internet Chess Club"]
[Date "2009.11.15"]
[Round "3"]
[White "awb"]
[Black "soccerisfun"]
[Result "1-0"]
[WhiteElo "1731"]
[BlackElo "1514"]
[Opening "Scotch gambit"]
[ECO "C44"]
[Time "20:00:15"]
[TimeControl "2700+45"]

1. e4 e5 2. Nf3 Nc6 3. d4 exd4 4. Bc4 Bc5 5. c3 dxc3 6. Bxf7+ Kxf7 7. Qd5+ Ke8
8. Qxc5 cxb2 9. Bxb2 Nf6 10. O-O d6 11. Qg5 Kf7 12. Rd1 Qe7 13. e5 dxe5 14.
Nxe5+ Nxe5 15. Bxe5 Re8 16. f4 Qc5+ 17. Kh1 Bg4 18. Rg1 h6 19. Qh4 Ne4 20. h3
Bf5 21. Nc3 Nxc3 22. Rac1 Rxe5 23. fxe5 Qxe5 24. Qc4+ Nd5 25. Rce1 Qd6 26. Rgf1
Kg6 27. g4 Bd7 28. Qe4+ Kg5 29. h4+ Kxh4 30. g5+ Bg4 31. gxh6 gxh6 32. Rf2 Rf8
33. Rh2+ Kg5 34. Rg1 h5 35. Rxh5+ Kf6 36. Rf1+ Nf4 37. Rxf4+ Qxf4 38. Qxf4+ Ke7
39. Qxc7+ Bd7 40. Rh7+ Rf7 41. Rxf7+ Kxf7 42. Qxd7+ Kf6 43. Qxb7 a5 44. Qb6+ Ke5
45. Qxa5+ Kd4 46. Kg2 Ke4 47. Qc3 Kd5 48. Qb4 Kc6 49. Qa5 Kd6 50. Qb5 Ke6 51.
Qc5 Kd7 52. Qb6 Ke7 53. Qc6 Kf7 54. Qd6 Kg7 55. Qe6 Kh7 56. Qg4 {Black resigns}
1-0